 Dungeon Crawl Stone Soup version 0.27.1-33-g824d729ab1 (webtiles) character file.

Game seed: 15747668792412719877

4713 pkoi the Grappler (level 10, -3/73 (78) HPs)
             Began as a Black Draconian Gladiator on Dec 3, 2021.
             Was a High Priest of Ru.
             Slain by a two-headed ogre (19 damage)
             ... on level 8 of the Dungeon.
             The game lasted 00:11:47 (10405 turns).

pkoi the Grappler (Black Draconian Gladiator)      Turns: 10405, Time: 00:11:47

HP:   -3/73 (78)    AC: 12    Str: 16    XL:     10   Next: 22%
MP:   0/25          EV: 13    Int: 13    God:    Ru [*****.]
Gold: 425           SH:  0    Dex: 12    Spells: 8/17 levels left

rFire    . . .     SeeInvis .     - Unarmed
rCold    . . .     Faith    .   (shield unavailable)
rNeg     . . .     Spirit   +   (armour unavailable)
rPois    .         Reflect  .   c - +2 hat
rElec    +         Harm     .   g - +0 cloak
rCorr    .         Rampage  .   (no gloves)
Will     .....                  z - +1 pair of boots
Stlth    +.........             d - amulet of guardian spirit
HPRegen  0.22/turn              (ring unavailable)
MPRegen  0.19/turn              x - ring of magical power

@: exhausted, drained
A: breathe lightning, AC +7, unfitting armour, electricity resistance,
cold-blooded, missing a hand, inability to use devices
a: Breathe Lightning, Renounce Religion, Draw Out Power, Power Leap, Apocalypse


You were on level 8 of the Dungeon.
You worshipped Ru.
Ru was extremely pleased with you.
You visited 2 branches of the dungeon, and saw 9 of its levels.
You also visited: Ossuary.

You collected 425 gold pieces.

Inventory:

Missiles
 b - 4 throwing nets (quivered)
 f - 34 poisoned darts
 r - 7 curare-tipped darts
 H - 8 boomerangs of dispersal
Armour
 c - a +2 hat (worn)
 g - a +0 cloak (worn)
 z - a +1 pair of boots (worn)
Jewellery
 d - an amulet of guardian spirit (around neck)
 i - a +4 ring of evasion
 k - an amulet of regeneration
 x - a ring of magical power (right hand)
 C - a ring of fire
Wands
 m - a wand of acid (10)
Scrolls
 t - 2 scrolls of amnesia
 v - 6 scrolls of identify
 w - a scroll of enchant armour
 y - a scroll of enchant weapon
 A - 2 scrolls of magic mapping
 E - 2 scrolls of fog
 F - 2 scrolls of blinking
 G - 2 scrolls of teleportation
Potions
 e - 2 potions of berserk rage
 h - a potion of lignification
 j - 5 potions of ambrosia
 l - 4 potions of flight
 n - a potion of brilliance
 o - a potion of cancellation
 p - a potion of mutation
 q - 2 potions of attraction
 s - 5 potions of heal wounds
 u - 2 potions of curing
 B - a potion of haste
 D - a potion of magic {unknown}


   Skills:
 - Level 4.0 Fighting
 - Level 1.7 Throwing
 - Level 3.9 Dodging
 + Level 12.2 Unarmed Combat
 - Level 4.0 Spellcasting
 + Level 3.8 Translocations
 + Level 5.4 Air Magic


You had 8 spell levels left.
You knew the following spells:

 Your Spells              Type           Power      Damage    Failure   Level
a - Swiftness             Air            16%        N/A       7%          3
b - Airstrike             Air            8%         N/A       22%         4
c - Blink                 Tloc           N/A        N/A       7%          2

Your spell library contained the following spells:

 Spells                   Type           Power      Damage    Failure   Level
 Shock                    Conj/Air       36%        1d5       7%          1
 Lesser Beckoning         Tloc           6%         N/A       13%         3
 Manifold Assault         Tloc           12%        N/A       77%         5
 Olgreb's Toxic Radiance  Pois           2%         N/A       90%         4
 Ozocubu's Refrigeration  Ice            1%         4d5       100%        7
 Ignition                 Fire           1%         3d3       100%        8
 Chain Lightning          Conj/Air       4%         3d6       100%        9
 Fire Storm               Conj/Fire      1%         7d1       100%        9


Dungeon Overview and Level Annotations

Branches:
Dungeon (8/15)             Temple (1/1) D:7         Ossuary (visited)
   Lair: D:8-11

Altars:
Ashenzari
Cheibriados
Dithmenos
Elyvilon
Fedhas
Gozag
Hepliaklqana
Kikubaaqudgha
Makhleb
Nemelex Xobeh
Okawaru
Qazlal
Ru
Sif Muna
Trog
Uskayaw
Vehumet
Yredelemnul
Zin
The Shining One

Shops:
D:1 [   D:3 ?   D:7 (   D:8 (

Annotations:
D:4 3 runed translucent doors, zeram's ghost, amateur TrBr


Innate Abilities, Weirdness & Mutations

You can breathe wild blasts of lightning.
Your glossy black scales are hard. (AC +7)
You cannot fit into any form of body armour.
You are resistant to electric shocks. (rElec)
You are cold-blooded and may be slowed by cold attacks.
You are missing a hand.
You cannot study or use magical devices.


Message History

You are engulfed in a cloud of scalding steam.
The steam dragon bites you. The steam dragon closely misses you.
You punch the steam dragon!
The steam dragon is almost dead.
The two-headed ogre closely misses you.
The two-headed ogre hits you with a +0 giant club!
The steam dragon breathes steam at you. The ball of steam hits you!
You hear a shout! x2
You hit the steam dragon.
The steam dragon is almost dead.
You are engulfed in a cloud of scalding steam.
The two-headed ogre is engulfed in a cloud of scalding steam.
The two-headed ogre hits you with a +0 giant club!!
* * * LOW HITPOINT WARNING * * *
The two-headed ogre hits you with a +0 giant club!!
* * * LOW HITPOINT WARNING * * *
You punch the steam dragon!
You kill the steam dragon!
The steam dragon scales are intact enough to wear.
You are engulfed in a cloud of scalding steam.
Training target 4.0 for Spellcasting reached!
Your Spellcasting skill increases to level 4!
Unknown command.
Things that are here:
+0 steam dragon scales; a steam dragon corpse Unknown command.
You are restored by drawing out deep reserves of power within.
You feel drained.
The two-headed ogre is engulfed in a cloud of scalding steam.
The two-headed ogre hits you with a +0 giant club!!
* * * LOW HITPOINT WARNING * * *
You focus your inner power and blind the two-headed ogre in retribution!
The two-headed ogre misses you.
You barely miss the two-headed ogre.
The two-headed ogre is heavily wounded.
The two-headed ogre hits you with a +0 giant club.
* * * LOW HITPOINT WARNING * * *
The two-headed ogre hits you with a +0 giant club!!
You die...

. ##.....).).....#.....#
..##......))............
...............###......
..#..##....#............
........#....###########
...####......# #
......§.##..##
.....§#O##### ......#@#
..... #.# ..... #.# ....
#.# .... #.( ... .#. .
.#


You could see a two-headed ogre (blind).

Vanquished Creatures
  Pikel (D:6)
  A gargoyle (D:7)
  Maggie (D:6)
  Grinder (D:4)
  A steam dragon (D:8)
  4 vampire mosquitoes (D:7)
  Duvessa (D:6)
  A black bear (D:4)
  An orc warrior (D:7)
  An ogre (D:5)
  A necrophage (D:4)
  A centaur (D:8)
  A lemure (D:6)
  3 scorpions
  A gnoll sergeant (D:5)
  3 bullfrogs (D:7)
  4 water moccasin zombies (Ossuary)
  A wyvern skeleton (D:7)
  A water moccasin skeleton (D:5)
  Dowan (D:6)
  8 bullfrog zombies
  7 centaur zombies
  2 hounds
  4 orc priests
  3 bullfrog skeletons
  2 centaur skeletons
  5 iguanas
  7 orc wizards
  2 hound skeletons (D:4)
  2 howler monkey zombies (Ossuary)
  9 mummies (Ossuary)
  13 gnolls
  3 adders
  2 white imps
  An adder skeleton (D:4)
  3 worms
  4 dart slugs
  11 orcs
  6 endoplasms
  5 giant cockroaches
  6 goblins
  15 hobgoblins
  13 jackals
  3 quokkas
  13 ball pythons
  9 bats
  4 frilled lizards
  6 kobolds
  7 rats
  A spectral hobgoblin (D:1)
206 creatures vanquished.

Vanquished Creatures (collateral kills)
  A centaur zombie (D:8)
  An orc (D:8)
2 creatures vanquished.

Vanquished Creatures (others)
  6 withered plants (Ossuary)
6 creatures vanquished.

Grand Total: 214 creatures vanquished

Notes
Turn   | Place    | Note
-------+----------+-------------------------------------------
     0 | D:1      | pkoi the Draconian Gladiator began the quest for the Orb.
     0 | D:1      | Reached XP level 1. HP: 17/17 MP: 1/1
    76 | D:1      | Found Hirrayna's Antique Armour Shop.
   185 | D:1      | Reached XP level 2. HP: 18/24 MP: 0/2
   301 | D:1      | Found a faded altar of an unknown god.
   849 | D:1      | Reached skill level 4 in Unarmed Combat
  1154 | D:1      | Reached XP level 3. HP: 29/29 MP: 3/3
  1839 | D:2      | Found a snail-covered altar of Cheibriados.
  2094 | D:3      | Reached XP level 4. HP: 36/36 MP: 4/4
  2122 | D:3      | Reached skill level 5 in Unarmed Combat
  2255 | D:3      | Found a sacrificial altar of Ru.
  2274 | D:3      | Became a worshipper of Ru the Awakened
  2544 | D:3      | Found a blossoming altar of Fedhas.
  2751 | D:3      | Found Lukaf's Magic Scroll Boutique.
  3874 | D:3      | Reached XP level 5. HP: 39/41 MP: 3/5
  4082 | D:4      | Noticed zeram's ghost (amateur TrBr)
  4082 | D:4      | Found a runed translucent gate.
  4082 | D:4      | Found a runed translucent gate.
  4082 | D:4      | Found a runed translucent gate.
  4108 | D:4      | Found a sand-covered staircase.
  4113 | Ossuary  | Entered an ossuary
  4124 | Ossuary  | Reached skill level 6 in Unarmed Combat
  4174 | Ossuary  | Reached XP level 6. HP: 40/48 MP: 6/6
  4183 | Ossuary  | Reached skill level 7 in Unarmed Combat
  4283 | Ossuary  | Reached skill level 8 in Unarmed Combat
  4316 | Ossuary  | Your scales start taking on a glossy black colour.
  4316 | Ossuary  | Reached XP level 7. HP: 51/55 MP: 7/7
  4316 | Ossuary  | Gained mutation: You are resistant to electric shocks.
                  | (rElec) [Black Draconian growth]
  4408 | Ossuary  | Reached skill level 9 in Unarmed Combat
  5103 | D:4      | Gained mutation: You cannot study or use magical devices.
                  | [Ru sacrifice]
  5103 | D:4      | Reached * piety under Ru
  5103 | D:4      | Reached ** piety under Ru
  5146 | D:4      | Found an iron altar of Okawaru.
  5225 | D:4      | Reached XP level 8. HP: 42/61 MP: 8/8
  5511 | D:4      | Noticed Grinder
  5520 | D:4      | Paralysed by Grinder for 5 turns
  5538 | D:4      | Killed Grinder
  5539 | D:4      | Reached skill level 10 in Unarmed Combat
  5904 | D:4      | Found a basalt altar of Yredelemnul.
  6172 | D:5      | Entered Level 5 of the Dungeon
  6702 | D:5      | Reached skill level 11 in Unarmed Combat
  7201 | D:5      | Reached XP level 9. HP: 61/71 MP: 9/9
  7515 | D:6      | Learned a level 3 spell: Swiftness
  7520 | D:6      | Learned a level 4 spell: Airstrike
  7522 | D:6      | Noticed Maggie
  7538 | D:6      | Killed Maggie
  7539 | D:6      | Reached skill level 1 in Spellcasting
  7539 | D:6      | Reached skill level 1 in Air Magic
  7556 | D:6      | Noticed Duvessa
  7556 | D:6      | Noticed Dowan
  7583 | D:6      | Killed Dowan
  7587 | D:6      | Killed Duvessa
  7826 | D:6      | Learned a level 2 spell: Blink
  7990 | D:6      | Noticed Pikel
  7993 | D:6      | Found an opulent altar of Gozag.
  8013 | D:6      | Killed Pikel
  8014 | D:6      | Reached skill level 1 in Translocations
  8222 | D:6      | Gained mutation: You are missing a hand. [Ru sacrifice]
  8222 | D:6      | Reached *** piety under Ru
  8222 | D:6      | Reached **** piety under Ru
  8222 | D:6      | Reached ***** piety under Ru
  8545 | D:6      | Found an ancient bone altar of Kikubaaqudgha.
  8793 | D:7      | Found a white marble altar of Elyvilon.
  8811 | D:7      | Found a staircase to the Ecumenical Temple.
  8948 | Temple   | Entered the Ecumenical Temple
  9366 | D:7      | Reached skill level 12 in Unarmed Combat
  9391 | D:7      | Reached XP level 10. HP: 48/78 MP: 15/15
  9680 | D:7      | Found Pomuv's Weapon Shop.
  9952 | D:7      | Noticed a gargoyle
  9984 | D:7      | Killed a gargoyle
  9985 | D:7      | Reached skill level 5 in Air Magic
 10202 | D:7      | Found a faded altar of an unknown god.
 10203 | D:7      | Found a hazy altar of Hepliaklqana.
 10353 | D:8      | Found Kecuxt's Weapon Shoppe.
 10394 | D:8      | Noticed a two-headed ogre
 10405 | D:8      | Slain by a two-headed ogre

Illustrated notes

Levels and vault maps discovered:
D:1:      dpeg_arrival_rooms_a, layout_basic, serial_shops, shop,
          dreamdust_ecumenical_altar_drowned_temple, minmay_misc_feat_tower
D:2:      layout_loops_ring, basic_altar
D:3:      minmay_bubble_buster, layout_loops_corners,
          nicolae_ru_sacrificial_ziggurat, amcnicky_altar_gilded, serial_shops,
          nicolae_shop_competitors_out_of_business,
          minmay_fractal_squares_gapless_5
D:4:      layout_gridville, mainiacjoe_overflow_small_starburst,
          old_standard_altar, enter_ossuary_2, ebering_ghost_rock_garden,
          grunt_ministairs_12, minmay_quadrilaterals, uniq_grinder
D:5:      layout_gridville
D:6:      layout_loops_ring, nicolae_gozag_cash_rules_everything_around_me,
          kennysheep_mini, uniq_duvessa, uniq_maggie, uniq_pikel
D:7:      layout_loops_corners, beargit_hepliaklqana_dungeon_heroes,
          mainiacjoe_overflow_tiny_flanked, minmay_temple_entry_proselytizer,
          serial_shops, shop
D:8:      layout_rooms, cheibriados_altar_2, enter_bailey_2, serial_rivers,
          chequers_serial_rivers_micro_c, chequers_serial_rivers_micro_d,
          chequers_serial_rivers_small_b, chequers_serial_rivers_micro_a,
          serial_shops, shop, kennysheep_big_empty_room
Temple:   minmay_temple_curvy_loop

Skill      XL: |  1  2  3  4  5  6  7  8  9 10 |
---------------+-------------------------------+-----
Unarmed Combat | 4 5 6 8 9 11 12 | 12.2
Dodging        | 3 |  3.9
Fighting       | 3 4 |  4.0
Spellcasting   | 3 4 |  4.0
Air Magic      | 4 5 |  5.4
Translocations | 3 |  3.8
Throwing       | |  1.7

Action                   |  1- 3 |  4- 6 |  7- 9 | 10-12 || total
-------------------------+-------+-------+-------+-------++-------
Melee: Unarmed           |   149 |   215 |   431 |    54 ||   849
       Tailslap          |    16 |    38 |    55 |    10 ||   119
       Punch             |     2 |     2 |    12 |       ||    16
Invok: Sacrifice Artific |       |       |     1 |       ||     1
       Sacrifice a Hand  |       |       |     1 |       ||     1
       Draw Out Power    |       |       |       |     1 ||     1
 Abil: Breathe Lightning |       |       |     4 |     1 ||     5
  Use: Scroll            |     1 |     8 |     9 |     1 ||    19
       Potion            |       |       |     2 |       ||     2
 Stab: Sleeping          |     1 |       |     1 |     1 ||     3
       Distracted        |       |       |     2 |       ||     2
       Invisible         |       |       |     2 |     1 ||     3
Armor: Skin              |    35 |    77 |   124 |    24 ||   260
Dodge: Dodged            |    91 |   170 |   300 |    21 ||   582
